AoeStats
← b95303076

Arabia

510405312Analyzed
2v2 RM · 14h ago on Sep 30, 2026· 69m 12s· 4 players
Game mode
Random Map
Map size
Medium (4 player)
Population
200
Speed
Normal
Resources
Standard
Victory
Conquest
Starting age
Dark Age
Ending age
Imperial Age
RankedLock teamsTeams togetherTeam positionsShared explorationLock speedFull tech treeHidden civsTurbo modeCheats
Victory
Defeat
🇺🇸 Varangians · United States
1390
+18
🇹🇼 Saxons · Taiwan
1361
+19
🇬🇧 Persians · United Kingdom
1438
-18
🇵🇹 Varangians · Portugal
1434
-19
meatfoot29
6:29 Loom
9:04 Feudal Age
9:31 Double-Bit Axe
15:47 Bloodlines
15:47 Horse Collar
19:33 Wheelbarrow
22:45 Castle Age
22:20 Scale Barding Armor
23:23 Forging
23:48 Chain Barding Armor
22:49 Light Cavalry
24:50 Town Watch
26:01 Iron Casting
26:04 Husbandry
29:39 Hand Cart
31:33 Fletching
37:36 Gold Mining
42:30 Imperial Age
40:05 Bodkin Arrow
42:22 Scale Mail Armor
43:59 Plate Barding Armor
44:26 Blast Furnace
44:26 Heavy Plow
43:52 Cavalier
44:40 Pikeman
45:10 Vendel Legacy
46:11 Conscription
46:47 Squires
47:10 Chain Mail Armor
47:42 Bow Saw
49:30 Halberdier
51:15 Elite Varangian Guard
54:56 Plate Mail Armor
57:42 Chemistry
59:08 Gothikon
60:13 Bracer
60:14 Padded Archer Armor
60:35 Ballistics
60:21 Siege Engineers
61:02 Coinage
61:22 Capped Ram
62:33 Hussar
64:30 Leather Archer Armor
63:57 Treadmill Crane
64:27 Masonry
66:00 Siege Ram
67:40 Ring Archer Armor
68:18 Heavy Scorpion
b95303076
6:21 Loom
8:46 Feudal Age
8:57 Man-at-Arms
12:25 Double-Bit Axe
17:32 Fletching
21:58 Castle Age
21:06 Horse Collar
22:07 Padded Archer Armor
22:15 Gold Mining
22:37 Bodkin Arrow
22:04 Crossbowman
26:34 Wheelbarrow
26:49 Ballistics
27:38 Bow Saw
28:30 Thumb Ring
31:42 Leather Archer Armor
35:14 Hand Cart
37:49 Imperial Age
35:44 Heavy Plow
36:29 Stone Mining
36:09 Pikeman
36:56 Scale Mail Armor
37:53 Arbalester
38:34 Bracer
40:00 Chemistry
40:15 Ring Archer Armor
40:22 Squires
42:42 Chain Mail Armor
42:20 Halberdier
44:57 Plate Mail Armor
45:25 Conscription
46:32 Murder Holes
48:23 Forging
47:39 Shield Wall
48:17 Arson
48:17 Gambesons
50:06 Two-Man Saw
49:00 Long Swordsman
50:47 Iron Casting
49:48 Two-Handed Swordsman
52:49 Champion
54:45 Capped Ram
56:17 Siege Ram
62:16 Crop Rotation
64:46 Elite Hearth Troop
66:46 Scale Barding Armor
_n0ne_
5:57 Loom
8:33 Feudal Age
8:58 Double-Bit Axe
9:06 Horse Collar
20:25 Castle Age
20:02 Wheelbarrow
19:33 Scale Barding Armor
20:01 Forging
20:02 Bloodlines
19:47 Gold Mining
21:16 Chain Barding Armor
21:24 Husbandry
28:29 Wheelbarrow
28:49 Bow Saw
31:23 Town Watch
35:12 Hand Cart
39:59 Imperial Age
39:28 Heavy Plow
39:40 Cavalier
40:57 Plate Barding Armor
41:20 Savar
43:16 Conscription
43:38 Iron Casting
49:29 Blast Furnace
55:01 Fletching
56:01 Light Cavalry
57:25 Bodkin Arrow
57:31 Padded Archer Armor
59:03 Leather Archer Armor
59:52 Chemistry
59:19 Ballistics
60:47 Kamandaran
60:38 Crossbowman
62:39 Thumb Ring
Vegeta
7:06 Loom
9:17 Feudal Age
11:39 Double-Bit Axe
12:41 Horse Collar
18:49 Bloodlines
20:31 Scale Barding Armor
22:24 Forging
23:11 Wheelbarrow
26:50 Castle Age
25:39 Gold Mining
27:51 Chain Barding Armor
26:54 Light Cavalry
27:36 Husbandry
29:34 Iron Casting
32:21 Heavy Plow
32:32 Bow Saw
38:14 Stone Mining
40:13 Fletching
41:28 Vendel Legacy
44:44 Hand Cart
48:23 Imperial Age
48:31 Cavalier
49:56 Plate Barding Armor
50:03 Conscription
51:07 Blast Furnace
56:37 Crop Rotation
61:05 Hussar
Connection lost

Rejoining the realm…

Still unreachable

The connection could not be restored.

Session expired

The server has moved on; the page needs a fresh start.